% Time on Ice - VICTORIA GLADIATORS
Lines # - Real PCT - Wanted PCT - Time Play
Normal Forward
1 - 36% - 36% - 19:21
2 - 31% - 33% - 16:55
3 - 23% - 24% - 12:38
4 - 10% - 7% - 5:09
Normal Defense
1 - 40% - 40% - 21:36
2 - 33% - 35% - 17:57
3 - 27% - 25% - 14:30
4 - 0% - 0% - 0:00
PP Forward
1 - 68% - 55% - 1:21
2 - 32% - 45% - 0:38
PP Defense
1 - 68% - 55% - 1:21
2 - 32% - 45% - 0:38
PK Forward
1 - 66% - 55% - 2:38
2 - 34% - 45% - 1:20
PK Defense
1 - 50% - 55% - 1:59
2 - 50% - 45% - 1:59
PK3 Forward
1 - 0% - 55%
2 - 0% - 45%
PK3 Defense
1 - 0% - 55%
2 - 0% - 45%
44 Forward
1 - 0% - 52%
2 - 0% - 48%
44 Defense
1 - 0% - 52%
2 - 0% - 48%
Last Minute Offensive  - 0:00
Last Minute Defensive  - 0:00
Total
Forward - 60:00
Defense - 60:00
% Time on Ice - LAS VEGAS LIZARD KINGS
Lines # - Real PCT - Wanted PCT - Time Play
Normal Forward
1 - 33% - 36% - 17:37
2 - 31% - 31% - 16:43
3 - 24% - 23% - 13:02
4 - 12% - 10% - 6:41
Normal Defense
1 - 33% - 36% - 17:41
2 - 33% - 31% - 17:53
3 - 29% - 23% - 15:39
4 - 5% - 10% - 2:50
PP Forward
1 - 48% - 55% - 1:54
2 - 52% - 45% - 2:04
PP Defense
1 - 59% - 55% - 2:21
2 - 41% - 45% - 1:37
PK Forward
1 - 60% - 55% - 1:11
2 - 40% - 45% - 0:48
PK Defense
1 - 50% - 55% - 1:00
2 - 50% - 45% - 0:59
PK3 Forward
1 - 0% - 55%
2 - 0% - 45%
PK3 Defense
1 - 0% - 55%
2 - 0% - 45%
44 Forward
1 - 0% - 55%
2 - 0% - 45%
44 Defense
1 - 0% - 55%
2 - 0% - 45%
Last Minute Offensive  - 0:00
Last Minute Defensive  - 0:00
Total
Forward - 60:00
Defense - 60:00
Play-by-Play 1st period 0:01 of 1st period - Anze Kopitar wins face-off versus Ryan Nugent-Hopkins in neutral zone. 0:09 of 1st period - Icing by Brayden McNabb. 0:10 of 1st period - Barclay Goodrow wins face-off versus Ryan Nugent-Hopkins in LAS VEGAS LIZARD KINGS zone. 0:36 of 1st period - Shot by Barclay Goodrow. 0:36 of 1st period - Shot Blocked by John Klingberg. 1:08 of 1st period - Johnny Gaudreau is hit by Adam Lowry and loses puck. 2:00 of 1st period - Shot by Evan Rodrigues. 2:00 of 1st period - Stopped by Mike Smith without a rebound. 2:01 of 1st period - Sean Monahan wins face-off versus Kevin Rooney in VICTORIA GLADIATORS zone. 2:26 of 1st period - Icing by Jack Johnson. 2:27 of 1st period - Sean Monahan wins face-off versus Kyle Connor in LAS VEGAS LIZARD KINGS zone. 2:55 of 1st period - Shot by Kyle Connor. 2:55 of 1st period - Shot Misses the Net. 2:57 of 1st period - Shot by Anze Kopitar. 2:57 of 1st period - Stopped by Mikko Koskinen without a rebound. 2:58 of 1st period - Jeff Carter wins face-off versus Barclay Goodrow in LAS VEGAS LIZARD KINGS zone. 3:44 of 1st period - Shot by Victor Olofsson. 3:44 of 1st period - Shot Misses the Net. 4:01 of 1st period - Icing by John Klingberg. 4:02 of 1st period - Dylan Gambrell wins face-off versus Tyler Toffoli in LAS VEGAS LIZARD KINGS zone. 4:25 of 1st period - Shot by Kyle Connor. 4:25 of 1st period - Shot Blocked by John Klingberg. 6:15 of 1st period - Shot by Kevin Rooney. 6:15 of 1st period - Goal by Kevin Rooney - VICTORIA GLADIATORS : 1 - LAS VEGAS LIZARD KINGS : 0. 6:16 of 1st period - Barclay Goodrow wins face-off versus Jeff Carter in neutral zone. 6:25 of 1st period - Jack Johnson is hit by Johan Larsson and loses puck. 6:33 of 1st period - Icing by Evan Rodrigues. 6:34 of 1st period - Anze Kopitar wins face-off versus Jeff Carter in LAS VEGAS LIZARD KINGS zone. 6:34 of 1st period - Anze Kopitar is hit by Jack Johnson. 6:57 of 1st period - Off-side. 6:58 of 1st period - Barclay Goodrow wins face-off versus Sean Monahan in neutral zone. 7:39 of 1st period - Icing by Sean Monahan. 7:40 of 1st period - Anze Kopitar wins face-off versus Sean Monahan in LAS VEGAS LIZARD KINGS zone. 8:12 of 1st period - Shot by Nino Niederreiter. 8:12 of 1st period - Shot Misses the Net. 8:18 of 1st period - Shot by Anze Kopitar. 8:18 of 1st period - Stopped by Mikko Koskinen without a rebound. 8:19 of 1st period - Alex Newhook wins face-off versus Jeff Carter in LAS VEGAS LIZARD KINGS zone. 8:37 of 1st period - Shot by Alex Newhook. 8:37 of 1st period - Shot Blocked by Brayden McNabb. 9:25 of 1st period - Shot by Johan Larsson. 9:25 of 1st period - Stopped by Mikko Koskinen with a rebound. 9:41 of 1st period - Shot by Ryan Nugent-Hopkins. 9:41 of 1st period - Shot Blocked by Anton Stralman. 10:27 of 1st period - Shot by Brandon Hagel. 10:27 of 1st period - Stopped by Mike Smith without a rebound. 10:28 of 1st period - Anze Kopitar wins face-off versus Dylan Gambrell in VICTORIA GLADIATORS zone. 10:37 of 1st period - Shot by Kyle Connor. 10:37 of 1st period - Shot Misses the Net. 10:39 of 1st period - Shot by Justin Holl. 10:39 of 1st period - Shot Misses the Net. 10:41 of 1st period - Shot by Anze Kopitar. 10:41 of 1st period - Stopped by Mikko Koskinen without a rebound. 10:42 of 1st period - Adam Lowry wins face-off versus Jeff Carter in LAS VEGAS LIZARD KINGS zone. 10:54 of 1st period - Shot by Evan Rodrigues. 10:54 of 1st period - Deflect By Jeff Carter. 10:54 of 1st period - Stopped by Mike Smith without a rebound. 10:55 of 1st period - Johnny Gaudreau wins face-off versus Anze Kopitar in VICTORIA GLADIATORS zone. 11:01 of 1st period - Nino Niederreiter is hit by Justin Holl and loses puck. 11:28 of 1st period - Off-side. 11:29 of 1st period - Jeff Carter wins face-off versus Adam Lowry in neutral zone. 12:02 of 1st period - Victor Olofsson is hit by Adam Lowry and loses puck. 12:07 of 1st period - Shot by Adam Lowry. 12:07 of 1st period - Shot Hit the Post. 12:09 of 1st period - Shot by Alex Newhook. 12:09 of 1st period - Shot Misses the Net. 12:11 of 1st period - Shot by Connor Brown. 12:11 of 1st period - Stopped by Mikko Koskinen with a rebound. 12:59 of 1st period - Icing by Colton Parayko. 13:00 of 1st period - Sean Monahan wins face-off versus Barclay Goodrow in VICTORIA GLADIATORS zone. 13:04 of 1st period - Brandon Hagel is hit by Colton Parayko. 13:19 of 1st period - Sean Monahan is hit by Anton Stralman and loses puck. 14:08 of 1st period - Icing by Tyler Toffoli. 14:09 of 1st period - Anze Kopitar wins face-off versus Ryan Nugent-Hopkins in VICTORIA GLADIATORS zone. 14:39 of 1st period - Johnny Gaudreau is hit by Calvin De Haan and loses puck. 15:16 of 1st period - Shot by Jeff Carter. 15:16 of 1st period - Stopped by Mike Smith without a rebound. 15:17 of 1st period - Kevin Rooney wins face-off versus Dylan Gambrell in VICTORIA GLADIATORS zone. 15:26 of 1st period - Andrew Cogliano is hit by Kevin Rooney and loses puck. 16:47 of 1st period - Shot by Victor Olofsson. 16:47 of 1st period - Shot Blocked by Anton Stralman. 17:39 of 1st period - Barclay Goodrow is hit by Evan Rodrigues and loses puck. 18:35 of 1st period - Shot by Anze Kopitar. 18:35 of 1st period - Stopped by Mikko Koskinen without a rebound. 18:36 of 1st period - Adam Lowry wins face-off versus Sean Monahan in LAS VEGAS LIZARD KINGS zone. 18:49 of 1st period - Shot by Adam Lowry. 18:49 of 1st period - Stopped by Mikko Koskinen without a rebound. 18:50 of 1st period - Ryan Nugent-Hopkins wins face-off versus Anze Kopitar in LAS VEGAS LIZARD KINGS zone. 19:15 of 1st period - Shot by Kyle Connor. 19:15 of 1st period - Stopped by Mikko Koskinen without a rebound. 19:16 of 1st period - Adam Lowry wins face-off versus Sean Monahan in LAS VEGAS LIZARD KINGS zone. Goals for this period are 1 for VICTORIA GLADIATORS vs 0 for LAS VEGAS LIZARD KINGS. Shots for this period are 9 for VICTORIA GLADIATORS vs 4 for LAS VEGAS LIZARD KINGS. 2nd period 0:01 of 2nd period - Anze Kopitar wins face-off versus Ryan Nugent-Hopkins in neutral zone. 1:18 of 2nd period - Icing by Zemgus Girgensons. 1:19 of 2nd period - Sean Monahan wins face-off versus Barclay Goodrow in LAS VEGAS LIZARD KINGS zone. 2:16 of 2nd period - Shot by Connor Brown. 2:16 of 2nd period - Stopped by Mikko Koskinen without a rebound. 2:17 of 2nd period - Adam Lowry wins face-off versus Ryan Nugent-Hopkins in LAS VEGAS LIZARD KINGS zone. 2:50 of 2nd period - Icing by Connor Brown. 2:51 of 2nd period - Evan Rodrigues wins face-off versus Adam Lowry in VICTORIA GLADIATORS zone. 2:52 of 2nd period - Shot by Jeff Carter. 2:52 of 2nd period - Shot Blocked by Adam Lowry. 3:38 of 2nd period - Shot by Anze Kopitar. 3:38 of 2nd period - Shot Misses the Net. 3:40 of 2nd period - Shot by Justin Holl. 3:40 of 2nd period - Shot Misses the Net. 3:56 of 2nd period - Shot by Kyle Connor. 3:56 of 2nd period - Shot Misses the Net. 3:58 of 2nd period - Shot by Anze Kopitar. 3:58 of 2nd period - Stopped by Mikko Koskinen without a rebound. 3:59 of 2nd period - Barclay Goodrow wins face-off versus Nino Niederreiter in LAS VEGAS LIZARD KINGS zone. 4:18 of 2nd period - Shot by Nino Niederreiter. 4:18 of 2nd period - Shot Misses the Net. 5:27 of 2nd period - Shot by Brandon Hagel. 5:27 of 2nd period - Stopped by Mike Smith with a rebound. 5:29 of 2nd period - Shot by Brandon Hagel. 5:29 of 2nd period - Shot Misses the Net. 5:31 of 2nd period - Shot by Matt Roy. 5:31 of 2nd period - Shot Blocked by Jamie Drysdale. 5:33 of 2nd period - Shot by Nick Leddy. 5:33 of 2nd period - Shot Misses the Net. 7:30 of 2nd period - Shot by Ryan Nugent-Hopkins. 7:30 of 2nd period - Shot Misses the Net. 7:46 of 2nd period - Shot by Johnny Gaudreau. 7:46 of 2nd period - Stopped by Mike Smith without a rebound. 7:47 of 2nd period - Jeff Carter wins face-off versus Barclay Goodrow in VICTORIA GLADIATORS zone. 8:10 of 2nd period - Shot by Evan Rodrigues. 8:10 of 2nd period - Stopped by Mike Smith without a rebound. 8:11 of 2nd period - Ryan Nugent-Hopkins wins face-off versus Anze Kopitar in VICTORIA GLADIATORS zone. 8:17 of 2nd period - Ryan Nugent-Hopkins is hit by Justin Holl and loses puck. 8:20 of 2nd period - Shot by Johnny Gaudreau. 8:20 of 2nd period - Shot Blocked by Calvin De Haan. 8:22 of 2nd period - Shot by Brayden McNabb. 8:22 of 2nd period - Stopped by Mike Smith without a rebound. 8:23 of 2nd period - Sean Monahan wins face-off versus Adam Lowry in VICTORIA GLADIATORS zone. 8:24 of 2nd period - Shot by Brandon Hagel. 8:24 of 2nd period - Shot Blocked by Patrik Nemeth. 8:26 of 2nd period - Shot by Sean Monahan. 8:26 of 2nd period - Shot Misses the Net. 8:28 of 2nd period - Shot by Matt Roy. 8:28 of 2nd period - Shot Misses the Net. 8:41 of 2nd period - Shot by Brandon Hagel. 8:41 of 2nd period - Shot Misses the Net. 8:43 of 2nd period - Shot by Brandon Hagel. 8:43 of 2nd period - Shot Misses the Net. 8:45 of 2nd period - Shot by Matt Roy. 8:45 of 2nd period - Stopped by Mike Smith without a rebound. 8:46 of 2nd period - Anze Kopitar wins face-off versus Ryan Nugent-Hopkins in VICTORIA GLADIATORS zone. 9:00 of 2nd period - Off-side. 9:01 of 2nd period - Jeff Carter wins face-off versus Barclay Goodrow in neutral zone. 9:16 of 2nd period - Shot by Jeff Carter. 9:16 of 2nd period - Stopped by Mike Smith with a rebound. 9:34 of 2nd period - Shot by Barclay Goodrow. 9:34 of 2nd period - Stopped by Mikko Koskinen without a rebound. 9:35 of 2nd period - Anze Kopitar wins face-off versus Ryan Nugent-Hopkins in LAS VEGAS LIZARD KINGS zone. 9:36 of 2nd period - Shot by Kyle Connor. 9:36 of 2nd period - Shot Misses the Net. 10:00 of 2nd period - Shot by Anze Kopitar. 10:00 of 2nd